 Dungeon Crawl Stone Soup version 0.25.1-11-g244df3a29b (webtiles) character file.

Game seed: 3985542979581414064

1793 DeepDeath the Carver (level 8, -2/66 HPs)
             Began as a Centaur Berserker on Feb 15, 2024.
             Was a Priest of Trog.
             Killed from afar by Maggie (12 damage)
             ... with a bolt of fire
             ... on level 6 of the Dungeon.
             The game lasted 00:21:06 (5448 turns).

DeepDeath the Carver (Centaur Berserker)            Turns: 5448, Time: 00:21:06

Health: -2/66      AC:  7    Str: 22    XL:     8   Next: 82%
Magic:  8/8        EV: 10    Int:  6    God:    Trog [***...]
Gold:   190        SH:  0    Dex:  9    Spells: 7/7 levels left

rFire    . . .     SeeInvis .   w - +4 long sword
rCold    . . .     Gourm    .   (no shield)
rNeg     . . .     Faith    .   b - +0 animal skin
rPois    .         Spirit   .   u - +1 helmet
rElec    .         Reflect  .   (no cloak)
rCorr    .         Harm     .   l - +0 pair of gloves
MR       ++...                  (no barding)
Stlth    +.........             v - amulet of magic regeneration
HPRegen  1.21/turn              m - ring of flight
MPRegen  0.36/turn              (no ring)

@: regenerating, very quick
A: large, hooves 3, deformed body, speed 2, tough skin 3
a: Berserk, Trog's Hand, Renounce Religion, Evoke Flight


You were on level 6 of the Dungeon.
You worshipped Trog.
Trog was most pleased with you.
You were not hungry.

You visited 1 branch of the dungeon, and saw 6 of its levels.

You collected 267 gold pieces.
You spent 77 gold pieces at shops.

Inventory:

Hand Weapons
 q - a +0 shortbow
 w - a +4 long sword (weapon)
 C - a +1 falchion
Missiles
 a - 2 javelins
 e - 8 sling bullets
 f - 75 arrows
 i - 117 stones
 r - 9 poisoned darts
 x - 8 boomerangs (quivered)
Armour
 b - a +0 animal skin (worn)
 l - a +0 pair of gloves (worn)
 u - a +1 helmet (worn)
Jewellery
 m - a ring of flight (left hand)
 v - an amulet of magic regeneration (around neck)
Wands
 y - a wand of paralysis (11)
Scrolls
 g - a scroll of amnesia
 h - 2 scrolls of remove curse
 o - 2 scrolls of identify
 s - a scroll of magic mapping
 A - a scroll of fog
 B - a scroll of teleportation
Potions
 d - 2 potions of flight
 k - 2 potions of ambrosia
 n - 2 potions of heal wounds
 p - 2 potions of curing
 t - 3 potions of mutation
 z - a potion of might
Comestibles
 c - 7 rations
 j - a chunk of flesh


   Skills:
 + Level 4.3 Fighting
 * Level 9.0 Long Blades
 + Level 3.9 Throwing
 + Level 2.6 Armour
 + Level 2.7 Dodging


You had 7 spell levels left.
You didn't know any spells.
Your spell library was empty.

Dungeon Overview and Level Annotations

Branches:
Dungeon (6/15)             Temple (0/1) D:4

Altars:
Ashenzari
Gozag
Kikubaaqudgha
Makhleb
Trog
The Shining One

Shops:
D:4 [[(?

Annotations:
D:6 Maggie


Innate Abilities, Weirdness & Mutations

You have hooves in place of feet.
Armour fits poorly on your strangely shaped body.
You cover ground very quickly.
You have extremely tough skin. (AC +3)


Message History

* * * LOW HITPOINT WARNING * * *
Evoke which item? (* to show all) (? for menu, Esc to quit)
Aiming: Paralyse
Press: ? - help, Shift-Dir - straight line, f/p - Maggie
Aim: Maggie, wielding a +0 long sword of flaming and wearing +2 steam dragon scales (chance to defeat MR: 46%) Maggie resists with some effort.
Maggie practices a pose.
Maggie hits you with a +0 long sword of flaming!
* * * LOW HITPOINT WARNING * * *
Maggie burns you.
* * * LOW HITPOINT WARNING * * *
Unknown command.
Evoke which item? (* to show all) (? for menu, Esc to quit)
Aiming: Paralyse
Press: ? - help, Shift-Dir - straight line, f/p - Maggie
Aim: Maggie, wielding a +0 long sword of flaming and wearing +2 steam dragon scales (chance to defeat MR: 46%) Maggie resists with some effort.
Maggie casts a spell at you. The bolt of fire hits you!
You die...

.....# ##....#
#.....#
#####.....####
............@
..........#
#.# ##@##
##..@##
#.....##
#......##
###.......#
+.........+
#.........#
##.......##
##...>.##
##...##


You could see Maggie.

Vanquished Creatures
  Pikel (D:3)
  A centaur (D:6)
  2 ogres (D:3)
  3 slaves (D:3)
  A phantom (D:6)
  A bullfrog (D:6)
  5 wights (D:6)
  3 crimson imps (D:6)
  2 hounds
  2 jellies
  3 orc priests
  A centaur skeleton (D:4)
  A gnoll shaman (D:6)
  A bullfrog skeleton (D:5)
  An iguana (D:4)
  4 worker ants
  Robin (D:3)
  8 adders
  5 gnolls (D:6)
  An ooze (D:4)
  An adder skeleton (D:4)
  4 dart slugs
  2 leopard geckos
  6 orcs
  4 bats
  3 giant cockroaches
  12 goblins
  11 hobgoblins
  8 jackals
  8 kobolds
  A quokka (D:5)
  A ball python (D:1)
  4 frilled lizards
  10 rats
122 creatures vanquished.

Vanquished Creatures (others)
  An adder skeleton (D:4)
  An orc (D:4)
2 creatures vanquished.

Grand Total: 124 creatures vanquished

Notes
Turn   | Place    | Note
-------+----------+-------------------------------------------
     0 | D:1      | DeepDeath the Centaur Berserker began the quest for the
                  | Orb.
     0 | D:1      | Reached XP level 1. HP: 19/19 MP: 1/1
   102 | D:1      | Reached skill level 3 in Long Blades
   158 | D:1      | Reached XP level 2. HP: 14/26 MP: 2/2
   944 | D:2      | Reached XP level 3. HP: 31/31 MP: 3/3
   979 | D:2      | Reached skill level 4 in Long Blades
  1180 | D:2      | Reached ** piety under Trog
  1605 | D:3      | Reached XP level 4. HP: 31/38 MP: 4/4
  1748 | D:2      | Reached skill level 1 in Throwing
  1926 | D:3      | Reached skill level 5 in Long Blades
  1926 | D:3      | Reached XP level 5. HP: 43/45 MP: 5/5
  2086 | D:3      | Noticed Robin
  2125 | D:3      | Killed Robin
  2191 | D:3      | Found an ancient bone altar of Kikubaaqudgha.
  2208 | D:3      | Found a shattered altar of Ashenzari.
  2375 | D:3      | Found a bloodstained altar of Trog.
  2743 | D:4      | Noticed a slave
  2744 | D:4      | Noticed a slave
  2744 | D:4      | Noticed Pikel
  2745 | D:4      | Noticed a slave
  2749 | D:4      | Noticed a slave
  2760 | D:3      | Killed a slave
  2880 | D:3      | Killed a slave
  2989 | D:3      | Killed a slave
  3118 | D:3      | Killed Pikel
  3118 | D:3      | Reached skill level 7 in Long Blades
  3118 | D:3      | Reached XP level 6. HP: 9/51 MP: 6/6
  3118 | D:3      | Reached XP level 7. HP: 11/57 MP: 7/7
  3499 | D:3      | Reached skill level 8 in Long Blades
  3877 | D:4      | Found Ditimia's Weapon Emporium.
  3878 | D:4      | Found Doriho's Magic Scroll Shop.
  3888 | D:4      | Bought a scroll of identify for 28 gold pieces
  3888 | D:4      | Bought a scroll of magic mapping for 49 gold pieces
  3930 | D:4      | Found a staircase to the Ecumenical Temple.
  3957 | D:4      | Reached *** piety under Trog
  3964 | D:4      | Found Qoetaypi's Armour Emporium.
  4174 | D:4      | Reached XP level 8. HP: 55/63 MP: 8/8
  4250 | D:4      | Found Ocumubeu's Armour Boutique.
  4367 | D:5      | Entered Level 5 of the Dungeon
  4414 | D:5      | Found a burning altar of Makhleb.
  4460 | D:5      | Found an opulent altar of Gozag.
  4531 | D:5      | Found a glowing golden altar of the Shining One.
  5393 | D:6      | Reached skill level 9 in Long Blades
  5437 | D:6      | Noticed Maggie
  5448 | D:6      | Killed from afar by Maggie

Illustrated notes

Levels and vault maps discovered:
D:1:      dpeg_arrival_fog, layout_basic
D:2:      cheibrodos_helix_gallery, layout_rooms, first_ration,
          hangedman_decor_push
D:3:      layout_basic, nicolae_overflow_hidden_temple, uniq_robin
D:4:      layout_cave_pools, minmay_temple_entry_butterflies, serial_shops,
          shop, nicolae_shop_competitors_out_of_business, shop, shop, uniq_pikel
D:5:      layout_rooms, nicolae_gozag_seed_capital, overflow_temple_1_default,
          tso_metal_star
D:6:      layout_loops_corners, grunt_ministairs_3, grunt_ashenzari_visionary
          [grunt_ashenzari_visionary_shoals, grunt_ashenzari_visionary_spider],
          uniq_maggie

Skill      XL: |  1  2  3  4  5  6  7  8 |
---------------+-------------------------+-----
Long Blades    | 3 4 5 7 8 9 |  9.0
Throwing       | 1 2 3 |  3.9
Armour         | 2 |  2.6
Dodging        | 2 |  2.7
Fighting       | 4 |  4.3

Action                   |  1- 3 |  4- 6 |  7- 9 || total
-------------------------+-------+-------+-------++-------
Melee: Falchion          |    72 |   101 |   150 ||   323
       Kick              |    12 |    18 |    59 ||    89
       Long sword        |       |       |    13 ||    13
Throw: Stone             |     4 |     4 |     6 ||    14
       Dart              |       |    23 |    31 ||    54
       Javelin           |       |     2 |     2 ||     4
       Boomerang         |       |       |     3 ||     3
Invok: Berserk           |     1 |     2 |     3 ||     6
       Trog's Hand       |       |     1 |     3 ||     4
Evoke: Wand              |       |       |     4 ||     4
  Use: Scroll            |     2 |     7 |     5 ||    14
       Potion            |     1 |       |       ||     1
  Eat: Chunk             |     2 |     6 |    11 ||    19
Armor: Animal skin       |    29 |    32 |    43 ||   104
Dodge: Dodged            |    29 |    50 |    68 ||   147
       Rpst.: Falchion   |    11 |    21 |    19 ||    51
       Long sword        |       |       |     2 ||     2
